 Dungeon Crawl Stone Soup version 0.30.0-29-ga12c61a403 (webtiles) character file.

Game seed: 3559614588291925742

165 DemonSlayer the Digger (level 5, -8/36 HPs)
             Began as a Demonspawn Earth Elementalist on June 18, 2023.
             Mangled by a black bear (9 damage)
             ... on level 6 of the Dungeon.
             The game lasted 00:07:03 (3787 turns).

DemonSlayer the Digger (DsEE)                       Turns: 3787, Time: 00:07:03

Health: -8/36      AC:  4    Str: 10    XL:     5   Next: 21%
Magic:  2/9        EV: 12    Int: 16    God:
Gold:   204        SH:  4    Dex: 14    Spells: 7/10 levels left

rFire   . . .        i - +1 dagger (pain)
rCold   . . .        (no shield)
rNeg    . . .        a - +0 robe
rPois   .            (helmet restricted)
rElec   .            (no cloak)
rCorr   .            (no gloves)
SInv    .            t - +1 pair of boots
Will    .....        (no amulet)
Stlth   ++           (no ring)
HPRegen 0.26/turn    (no ring)
MPRegen 0.11/turn

%: no passive effects
@: no status effects
A: horns 2, large bone plates 1, powered by death 1
a: no special abilities


You were on level 6 of the Dungeon.
You visited 1 branch of the dungeon, and saw 6 of its levels.

You collected 204 gold pieces.

Inventory:

Hand Weapons
 i - a +1 dagger of pain (weapon)
Armour
 a - a +0 robe (worn)
 t - a +1 pair of boots (worn)
Scrolls
 b - 2 scrolls of identify {unknown}
 g - a scroll of magic mapping {unknown}
 h - a scroll of fog {unknown}
 j - 2 scrolls of enchant weapon {unknown}
 l - 2 scrolls of teleportation {unknown}
 m - a scroll of noise {unknown}
 o - a scroll of fear {unknown}
 p - a scroll of enchant armour {unknown}
 s - a scroll of vulnerability {unknown}
Potions
 c - a potion of curing {unknown}
 d - a potion of haste {unknown}
 e - a potion of lignification {unknown}
 f - a potion of heal wounds
 k - 2 potions of brilliance {unknown}
 n - 3 potions of ambrosia {unknown}
 q - a potion of cancellation {unknown}
 r - a potion of berserk rage {unknown}
 u - 2 potions of mutation {unknown}


   Skills:
 + Level 0.4 Fighting
 + Level 2.1 Dodging
 + Level 2.9 Stealth
 + Level 0.1 Shields
 + Level 3.1 Spellcasting
 + Level 0.8 Transmutations
 + Level 4.0 Earth Magic


You had 7 spell levels left.
You knew the following spells:

 Your Spells              Type           Power      Damage    Failure   Level
a - Sandblast             Erth           30%        2d9       3%          1
b - Passwall              Tmut/Erth      8%         N/A       11%         2

Your spell library contained the following spells:

 Spells                   Type           Power      Damage    Failure   Level
 Magic Dart               Conj           8%         1d3       19%         1
 Wereblood                Tmut           5%         N/A       21%         2
 Stone Arrow              Conj/Erth      16%        3d8       24%         3
 Call Imp                 Summ           4%         N/A       28%         2
 Sublimation of Blood     Necr           2%         N/A       28%         2
 Mephitic Cloud           Conj/Pois/Air  2%         N/A       50%         3
 Petrify                  Tmut/Erth      10%        N/A       56%         4
 Summon Hydra             Summ           1%         N/A       100%        7


Dungeon Overview and Level Annotations

Branches:
Dungeon (5/15)
 Temple: D:4-7

Altars:
Qazlal
Sif Muna

Annotations:
D:3 3 runed translucent doors, monsoonserge's ghost, amateur MfMo


Innate Abilities, Weirdness & Mutations

You have a pair of horns on your head.
You are partially covered in large bone plates. (SH +4)
You regenerate a little health from kills.


Message History

The black bear growls angrily.
The blast of sand hits the black bear!
The black bear is heavily wounded.
The blast of sand hits the black bear.
The black bear is severely wounded.
The black bear bites you. The black bear claws you.
The black bear closely misses you.
The blast of sand hits the black bear.
The black bear is severely wounded.
The black bear bites you. The black bear closely misses you.
You block the black bear's attack.
The black bear bites you but does no damage.
The black bear barely misses you.
The black bear claws you but does no damage.
The blast of sand misses the black bear.
The black bear closely misses you. The black bear barely misses you.
The black bear claws you.
The blast of sand hits the black bear!
The black bear is almost dead.
The black bear goes berserk!
You block the black bear's attack. x2
The black bear claws you.
The blast of sand misses the black bear.
The black bear closely misses you. The black bear barely misses you.
The black bear claws you. You block the black bear's attack.
The black bear claws you. You block the black bear's attack.
You are too injured to fight recklessly!
You are too injured to fight recklessly!
Unknown command.
Casting: Sandblast (safe; 3% risk of failure)
Confirm with . or Enter, or press ? or * to list all spells.
Aiming: Sandblast (safe; 3% risk of failure)
Press: ? - help, Shift-Dir - straight line, f/p - black bear
Aim: a black bear (almost dead, berserk, 87% to hit)
The blast of sand hits the black bear.
The black bear is almost dead.
The black bear bites you!
* * * LOW HITPOINT WARNING * * *
The black bear claws you but does no damage.
You block the black bear's attack. The black bear bites you!
You die...

#....###..
........#######....###[.
........#...#...........
.......+...#...........
......#...##..........
#....#...##..........
#....#...............
#..h.#...#########..#
#...@##'##.... #..#
#.............. #...
#.............. #...
#....?......... #...
#.....)........ ####
#####..........
###+##..... ##+##


You could see a black bear (berserk).

Vanquished Creatures
  A hound (D:6)
  A sleepcap (D:4)
  4 adders
  A gnoll (D:4)
  A dart slug (D:2)
  3 orcs (D:3)
  3 bats
  12 endoplasms
  5 goblins
  5 hobgoblins
  3 quokkas
  5 ball pythons
  5 frilled lizards (D:1)
  7 kobolds
  5 rats
61 creatures vanquished.

Notes
Turn   | Place    | Note
-------+----------+-------------------------------------------
     0 | D:1      | DemonSlayer the Demonspawn Earth Elementalist began the
                  | quest for the Orb.
     0 | D:1      | Reached XP level 1. HP: 13/13 MP: 3/3
   151 | D:1      | Reached skill level 3 in Earth Magic
   284 | D:1      | Gained mutation: You have a pair of small horns on your
                  | head. [demonic ancestry]
   284 | D:1      | Reached XP level 2. HP: 19/19 MP: 1/5
  1118 | D:1      | Learned a level 2 spell: Passwall
  1442 | D:2      | Gained mutation: You are partially covered in large bone
                  | plates. (SH +4) [demonic ancestry]
  1442 | D:2      | Reached XP level 3. HP: 21/24 MP: 2/6
  2024 | D:3      | Found a stormy altar of Qazlal.
  2243 | D:3      | Noticed monsoonserge's ghost (amateur MfMo)
  2266 | D:3      | Found a runed translucent gate.
  2266 | D:3      | Found a runed translucent gate.
  2405 | D:3      | Found a runed translucent gate.
  2436 | D:3      | Gained mutation: You regenerate a little health from kills.
                  | [demonic ancestry]
  2436 | D:3      | Reached XP level 4. HP: 25/30 MP: 1/7
  2814 | D:3      | Found a shimmering blue altar of Sif Muna.
  3652 | D:5      | Entered Level 5 of the Dungeon
  3652 | D:5      | You fall into a shaft and drop 1 floor!
  3664 | D:6      | Reached skill level 4 in Earth Magic
  3664 | D:6      | Gained mutation: You have a pair of horns on your head.
                  | [demonic ancestry]
  3664 | D:6      | Reached XP level 5. HP: 36/36 MP: 6/9
  3777 | D:6      | Noticed a black bear
  3787 | D:6      | HP: 1/36 [black bear (10)]
  3787 | D:6      | Mangled by a black bear

Illustrated notes

Levels and vault maps discovered:
D:1:      amcnicky_arrival_double_pillar, layout_loops_corners
D:2:      layout_basic
D:3:      layout_loops_ring, led_sif_book, grunt_qazlal_sundering,
          gammafunk_ghost_icy
D:4:      layout_rooms, cheibrodos_sewer_entry_bend, eino_curves_03
D:5:      layout_loops_ring, tgw_xom, temple_fountains, patterned_corridor
D:6:      layout_gridville, mainiacjoe_overflow_cross_hatched

Skill      XL: |  1  2  3  4  5 |
---------------+----------------+-----
Earth Magic    | 3 4 |  4.0
Stealth        | 2 |  2.9
Spellcasting   | 3 |  3.1
Dodging        | 2 |  2.1
Fighting       | |  0.4
Shields        | |  0.1
Transmutations | |  0.8

Action                     |  1- 3 |  4- 6 || total
---------------------------+-------+-------++-------
  Melee: Dagger            |    38 |     8 ||    46
         Unarmed           |     1 |       ||     1
         Headbutt          |     9 |       ||     9
   Cast: Sandblast         |    59 |    39 ||    98
    Use: Potion            |       |     3 ||     3
   Stab: Sleeping          |     8 |     2 ||    10
         Distracted        |       |     1 ||     1
 Armour: Robe              |     6 |     5 ||    11
  Dodge: Dodged            |    42 |    26 ||    68
  Block: Other             |    10 |    16 ||    26
